 Dungeon Crawl Stone Soup version 0.22.1-1-ga44c0e5 (webtiles) character file.

109 magicm the Cudgeler (level 4, 0/40 HPs)
             Began as a Draconian Chaos Knight on Nov 10, 2018.
             Succumbed to an adder's poison
             ... on level 3 of the Dungeon.
             The game lasted 00:06:09 (1458 turns).

magicm the Cudgeler (Draconian Chaos Knight)        Turns: 1458, Time: 00:06:10

Health: 0/40       AC:  5    Str: 14    XL:     4   Next: 60%
Magic:  4/4        EV: 13    Int: 17    God:    Xom [..*...]
Gold:   69         SH:  0    Dex: 12    Spells: 3/3 levels left

rFire    . . .     SeeInvis .   a - +1 mace (chaos)
rCold    . . .     Gourm    .   (no shield)
rNeg     . . .     Faith    .   (armour unavailable)
rPois    .         Spirit   .   (helmet restricted)
rElec    .         Reflect  .   (no cloak)
rCorr    .         Harm     .   (no gloves)
MR       .....                  (no boots)
Stlth    +.........             d - amulet of magic regeneration
HPRegen  0.13/turn              (no ring)
MPRegen  0.34/turn              (no ring)

@: brilliant, lethally poisoned (0 -> -7)
A: unfitting armour, cold-blooded, AC +5
a: Renounce Religion


You were on level 3 of the Dungeon.
You worshipped Xom.
You were a toy of Xom.
You were not hungry.

You visited 1 branch of the dungeon, and saw 3 of its levels.

You collected 69 gold pieces.

Inventory:

Hand Weapons
 a - a +1 mace of chaos (weapon)
Magical Staves
 c - an uncursed staff of air {unknown}
Jewellery
 d - an amulet of magic regeneration (around neck)
Scrolls
 h - a scroll of remove curse
Potions
 e - a potion of heal wounds {unknown}
 f - a potion of degeneration {unknown}
 g - a potion of curing {unknown}
Comestibles
 b - 3 rations


   Skills:
 + Level 4.0 Fighting
 + Level 4.5 Maces & Flails
 + Level 2.7 Dodging


You had 3 spell levels left.
You didn't know any spells.
Your spell library was empty.

Dungeon Overview and Level Annotations

Branches:
Dungeon (3/15)

Altars:
Trog


Innate Abilities, Weirdness & Mutations

Your plain brown scales are hard. (AC +5)
You cannot fit into any form of body armour.
You are cold-blooded and may be slowed by cold attacks.


Message History

The adder bites you.
* * * LOW HITPOINT WARNING * * *
You barely miss the adder.
Your tail-slap misses the adder.
The adder misses you.
You hit the adder.
The adder flickers and vanishes!
Deactivating autopickup; reactivate with Ctrl-A.
Something bites you but does no damage. Something bites you.
* * * LOW HITPOINT WARNING * * *
You are poisoned.
Something poisons you!
You closely miss something.
You feel sick. Something barely misses you. Something bites you.
* * * LOW HITPOINT WARNING * * *
You are more poisoned.
Something poisons you!
* * * LOW HITPOINT WARNING * * *
You feel sick.
Found 7 gold pieces.
You die...
Xom laughs nastily!

#. .# #. #..
.. #.# #.
#.## #. ...
#. #.# #
#.###.##.#
#........#
#..##@##....
#..##.# #
........
.........$
#####.##..#.
..##..#.#
........ .
.# #..# #


There were no monsters in sight!

Vanquished Creatures
  5 adders (D:2)
  An ooze (D:2)
  A worm (D:2)
  A leopard gecko (D:2)
  4 bats
  4 giant cockroaches
  A goblin (D:2)
  5 hobgoblins
  4 jackals (D:2)
  4 kobolds
  A frilled lizard (D:1)
  5 rats
36 creatures vanquished.

Vanquished Creatures (others)
  Natasha (D:2)
1 creature vanquished.

Grand Total: 37 creatures vanquished

Notes
Turn   | Place    | Note
-------+----------+-------------------------------------------
     0 | D:1      | magicm the Draconian Chaos Knight began the quest for the
                  | Orb.
     0 | D:1      | Reached XP level 1. HP: 19/19 MP: 1/1
    50 | D:1      | XOM: divination: magic mapping
   372 | D:1      | Reached XP level 2. HP: 21/26 MP: 2/2
   764 | D:1      | XOM: cloud trail
   866 | D:2      | Reached XP level 3. HP: 14/33 MP: 3/3
   919 | D:2      | Noticed Natasha
   943 | D:2      | Killed Natasha
  1228 | D:2      | Found a bloodstained altar of Trog.
  1244 | D:2      | Reached XP level 4. HP: 34/40 MP: 4/4
  1429 | D:2      | XOM: potion effect (brilliance)
  1456 | D:3      | HP: 2/40 [something (5)]
  1458 | D:3      | Succumbed to an adder's poison

Skill      XL: |  1  2  3 |
---------------+----------+-----
Fighting       | 4 |  4.0
Maces & Flails | 4 |  4.5
Dodging        | |  2.7

Action                   |  1- 3 |  4- 6 || total
-------------------------+-------+-------++-------
Melee: Mace              |    78 |    41 ||   119
       Tailslap          |     6 |     8 ||    14
  Use: Scroll            |     4 |       ||     4
       Potion            |     1 |       ||     1
  Eat: Ration            |     1 |       ||     1
Armor: Skin              |    25 |    10 ||    35
Dodge: Dodged            |    66 |    38 ||   104
